AoeStats
← El Fantasma de Pancho Villa

Oasis

508593145Analyzed
4v4 RM · 9d ago on Sep 23, 2026· 29m 10s· 8 players
Game mode
Random Map
Map size
Large (8 player)
Population
200
Speed
Normal
Resources
Standard
Victory
Conquest
Starting age
Dark Age
Ending age
Imperial Age
RankedLock teamsTeams togetherTeam positionsShared explorationLock speedFull tech treeHidden civsTurbo modeCheats
Victory
Defeat
🇨🇳 Saracens · China
1422
+6
🇨🇳 Mongols · China
1100
+43
🇨🇳 Inca · China
1089
+26
🇨🇳 Cumans · China
996
+20
🇺🇸 Cumans · United States
1178
-17
🇺🇸 Magyars · United States
1165
-16
🇨🇳 Bohemians · China
1125
-15
🇲🇽 Varangians · Mexico
1051
-12
kneehao
10:14 Feudal Age
12:28 Loom
18:30 Castle Age
16:40 Double-Bit Axe
21:24 Stone Mining
22:43 Bow Saw
24:13 Town Watch
24:47 Fletching
25:29 Bodkin Arrow
三条柒
2:41 Loom
11:04 Feudal Age
12:06 Town Watch
16:58 Castle Age
21:40 Double-Bit Axe
QuinesM
3:58 Loom
11:04 Feudal Age
12:59 Double-Bit Axe
18:34 Castle Age
16:56 Forging
18:44 Fletching
25:09 Scale Barding Armor
25:09 Padded Archer Armor
26:14 Elite Skirmisher
El Fantasma de Pancho Villa
10:06 Feudal Age
12:31 Double-Bit Axe
18:42 Wheelbarrow
20:03 Gold Mining
22:35 Castle Age
22:09 Bloodlines
22:35 Scale Barding Armor
22:40 Forging
24:01 Chain Barding Armor
24:41 Hand Cart
24:19 Loom
24:38 Horse Collar
29:26 Imperial Age
我帅我坐中
9:10 Feudal Age
11:14 Horse Collar
12:05 Double-Bit Axe
21:17 Castle Age
19:46 Scale Barding Armor
19:52 Forging
20:02 Gold Mining
20:51 Bloodlines
22:24 Chain Barding Armor
22:49 Heavy Plow
23:47 Iron Casting
23:27 Capped Ram
幼稚园园草
7:25 Loom
10:06 Feudal Age
14:40 Castle Age
13:00 Double-Bit Axe
15:44 Bow Saw
15:55 Town Watch
20:31 Horse Collar
23:53 Wheelbarrow
25:11 Gold Mining
26:38 Scale Barding Armor
27:54 Forging
29:21 Bloodlines
229494100
12:57 Feudal Age
16:43 Double-Bit Axe
19:35 Castle Age
18:03 Horse Collar
18:19 Stone Mining
19:48 Forging
19:37 Gold Mining
21:23 Bow Saw
22:29 Heavy Plow
27:52 Gold Shaft Mining
27:52 Stone Shaft Mining
英雄在中
7:55 Feudal Age
6:11 Loom
11:30 Fletching
14:37 Double-Bit Axe
21:24 Castle Age
21:18 Horse Collar
21:28 Crossbowman
22:25 Bodkin Arrow
22:46 Bow Saw
23:40 Ballistics
24:20 Gold Mining
25:11 Wheelbarrow
27:39 Hand Cart
27:32 Heavy Plow
Connection lost

Rejoining the realm…

Still unreachable

The connection could not be restored.

Session expired

The server has moved on; the page needs a fresh start.